 Dungeon Crawl Stone Soup version 0.28.0-45-g0d030f2227 (webtiles) character file.

Game seed: 6024365778071646866

765 cardstails the Skirmisher (level 7, -12/44 HPs)
             Began as a Gargoyle Berserker on May 5, 2022.
             Was a Believer of Trog.
             Mangled by an ogre
             ... wielding a +0 giant club
              (18 damage)
             ... on level 5 of the Dungeon.
             The game lasted 00:35:39 (5347 turns).

cardstails the Skirmisher (Gargoyle Berserker)      Turns: 5347, Time: 00:35:39

Health: -12/44     AC: 10    Str: 24    XL:     7   Next: 81%
Magic:  0/7        EV: 11    Int:  8    God:    Trog [**....]
Gold:   15         SH:  0    Dex:  9    Spells: 6/6 levels left

rFire   . . .      SeeInvis .   p - +3 arbalest "Ezuyhun" {vorpal, rPois Will+ rCorr Str+2}
rCold   . . .      Faith    .   (shield currently unavailable)
rNeg    + . .      Spirit   +   k - +0 ring mail
rPois   ∞          Reflect  .   (no helmet)
rElec   +          Harm     .   (no cloak)
rCorr   +          Rampage  .   (no gloves)
Will    +....                   (no boots)
Stlth   +.........              o - amulet of guardian spirit
HPRegen 0.14/turn               s - +4 ring of slaying
MPRegen 0.10/turn               (no ring)

@: no status effects
A: sickness immunity, AC +4, negative energy resistance 1, electricity
resistance, torment resistance 1, petrification resistance
a: Renounce Religion, Berserk, Trog's Hand


You were on level 5 of the Dungeon.
You worshipped Trog.
Trog was pleased with you.
You visited 1 branch of the dungeon, and saw 5 of its levels.

You collected 141 gold pieces.
You spent 126 gold pieces at shops.

Inventory:

Hand Weapons
 b - a +0 short sword
 n - a +0 hunting sling
 p - the +3 arbalest "Ezuyhun" (weapon) {vorpal, rPois Will+ rCorr Str+2}
   (You found it on level 4 of the Dungeon)

   Any ammunition fired from it inflicts extra damage upon your enemies.
   Str:       It affects your strength (+2).
   rPois:     It protects you from poison.
   rCorr:     It protects you from acid and corrosion.
   Will:      It increases your willpower.
Missiles
 c - 11 poisoned darts
 f - 54 stones
 g - 71 bolts (quivered ammo)
 i - 81 arrows
 j - 52 sling bullets
 y - 4 large rocks
Armour
 a - a +0 animal skin
 k - a +0 ring mail (worn)
 u - a +0 kite shield
Jewellery
 o - an amulet of guardian spirit (around neck)
 s - a +4 ring of slaying (left hand)
Scrolls
 d - 4 scrolls of teleportation {unknown}
 l - 2 scrolls of enchant weapon {unknown}
 m - 2 scrolls of enchant armour {unknown}
 q - a scroll of fear {unknown}
 t - a scroll of vulnerability {unknown}
 v - 2 scrolls of identify {unknown}
Potions
 e - a potion of ambrosia
 h - a potion of might {unknown}
 r - 2 potions of berserk rage {unknown}
 w - a potion of curing
 x - a potion of lignification
 z - a potion of flight
 A - 2 potions of attraction {unknown}
 B - a potion of haste {unknown}
 C - a potion of degeneration {unknown}
 D - a potion of heal wounds {unknown}


   Skills:
 + Level 5.0 Fighting
 + Level 3.7 Short Blades
 * Level 2.6 Crossbows
 + Level 4.1 Armour
 + Level 3.0 Dodging
 + Level 1.0 Stealth
 + Level 4.1 Unarmed Combat


You had 6 spell levels left.
You didn't know any spells.
Your spell library contained the following spells:

 Spells                   Type           Power      Damage    Failure   Level
 Sting                    Tmut/Pois      0%         1d3       54%         1
 Poisonous Vapours        Pois/Air       0%         N/A       69%         2
 Summon Guardian Golem    Hex/Summ       0%         N/A       89%         3
 Olgreb's Toxic Radiance  Pois           0%         N/A       100%        4
 Orb of Destruction       Conj           0%         9d5       100%        7
 Spellforged Servitor     Conj/Summ      0%         N/A       100%        7


Dungeon Overview and Level Annotations

Branches:
Dungeon (5/15)
 Temple: D:4-7

Altars:
Ru
Wu Jian

Shops:
D:4 !


Innate Abilities, Weirdness & Mutations

You are immune to sickness and miasma.
Your stone body is resilient. (AC +4)
You are immune to poison.
You resist negative energy. (rN+)
You are resistant to electric shocks. (rElec)
You are resistant to unholy torment.
You are immune to petrification.


Message History

The floor.
You see here a book of Dangerous Friends.
You pick up a book of Dangerous Friends and begin reading...
You add the spells Summon Guardian Golem, Orb of Destruction and Spellforged Servitor to your library.
m - 2 scrolls labelled QUMNUUTW MENA (gained 1)
You open the door.
There is an open door here.
Found a scroll labelled WENLUNGUIVI.
An ogre comes into view. It is wielding a +0 giant club.
The ogre shouts!
Found a stone staircase leading down.
v - 2 scrolls labelled WENLUNGUIVI (gained 1)
There are no items here.
You clumsily bash the ogre.
The ogre is lightly wounded.
The ogre closely misses you.
You barely miss the ogre.
The ogre is lightly wounded.
The ogre closely misses you. The ogre hits you with a +0 giant club!
Fire: 74 bolts
Press: ? - help, Q - select action, (/) - cycle Shift-Dir - straight line, f - ogre
Aim: an ogre, wielding a +0 giant club (lightly wounded, 79% to hit)
You shoot a bolt. The bolt hits the ogre!
The ogre is moderately wounded.
The ogre hits you with a +0 giant club!
Fire: 73 bolts
Press: ? - help, Q - select action, (/) - cycle Shift-Dir - straight line, f/p - ogre
Aim: an ogre, wielding a +0 giant club (moderately wounded, 79% to hit)
You shoot a bolt. The bolt hits the ogre.
The ogre is severely wounded.
The ogre closely misses you.
Fire: 72 bolts
Press: ? - help, Q - select action, (/) - cycle Shift-Dir - straight line, f/p - ogre
Aim: an ogre, wielding a +0 giant club (severely wounded, 79% to hit)
You shoot a bolt. The bolt barely misses the ogre.
The ogre hits you with a +0 giant club!
* * * LOW HITPOINT WARNING * * *
A black bear comes into view.
The ogre hits you with a +0 giant club!!
You die...

#.> #.# #.# .... #.#
... #.# .O. .#.#
#.###.#.# .... #.#
.######h###.#
...(.....O@.#########.
#######.####.....)....
#.#...........
#.#..#.#.....
#.#..#.#...#####
#.#.##.#........
###'#....#<#.##
#.........##.##
#.............#


You could see a black bear and an ogre.

Vanquished Creatures
  A necrophage (D:5)
  An ogre (D:4)
  2 scorpions (D:4)
  A water moccasin skeleton (D:4)
  4 wights (D:4)
  A jelly (D:4)
  Jessica (D:3)
  An iguana (D:4)
  Natasha (thrice) (D:3)
  2 adders
  A white imp (D:5)
  A worm (D:3)
  2 dart slugs (D:4)
  An orc (D:4)
  8 ball pythons
  5 endoplasms
  2 giant cockroaches
  4 goblins
  5 hobgoblins
  15 jackals
  7 kobolds
  3 quokkas (D:1)
  5 bats
  A frilled lizard (D:2)
  7 rats (D:1)
84 creatures vanquished.

Vanquished Creatures (others)
  A plant (D:1)
1 creature vanquished.

Grand Total: 85 creatures vanquished

Notes
Turn   | Place    | Note
-------+----------+-------------------------------------------
     0 | D:1      | cardstails the Gargoyle Berserker began the quest for the
                  | Orb.
     0 | D:1      | Reached XP level 1. HP: 14/14 MP: 1/1
   300 | D:1      | Reached XP level 2. HP: 8/20 MP: 2/2
   989 | D:1      | Reached XP level 3. HP: 19/24 MP: 3/3
  1269 | D:1      | Found a faded altar of an unknown god.
  2811 | D:3      | Noticed Jessica
  2824 | D:3      | Killed Jessica
  2825 | D:3      | Reached skill level 4 in Fighting
  2825 | D:3      | Reached XP level 4. HP: 29/29 MP: 4/4
  3062 | D:3      | Noticed Natasha
  3072 | D:3      | Killed Natasha
  3167 | D:3      | Reached skill level 1 in Short Blades
  3167 | D:3      | Reached XP level 5. HP: 33/33 MP: 5/5
  3184 | D:3      | Found a sacrificial altar of Ru.
  3269 | D:3      | Found an ornate altar of the Wu Jian Council.
  3274 | D:3      | Reached ** piety under Trog
  3390 | D:3      | Noticed Natasha
  3406 | D:3      | Killed Natasha
  3588 | D:3      | Noticed Natasha
  3597 | D:3      | Killed Natasha
  3813 | D:4      | Reached XP level 6. HP: 31/38 MP: 4/6
  3890 | D:4      | Reached skill level 1 in Stealth
  4098 | D:4      | Identified the +3 arbalest "Ezuyhun" {vorpal, rPois Will+
                  | rCorr Str+2}
  4227 | D:4      | Found Bujidgh's Distillery.
  4230 | D:4      | Bought a potion of curing for 42 gold pieces
  4230 | D:4      | Bought a potion of lignification for 42 gold pieces
  4230 | D:4      | Bought a potion of flight for 42 gold pieces
  4321 | D:4      | Reached skill level 1 in Crossbows
  4321 | D:4      | Reached XP level 7. HP: 27/44 MP: 4/7
  5292 | D:5      | Entered Level 5 of the Dungeon
  5303 | D:5      | Reached skill level 5 in Fighting
  5347 | D:5      | Mangled by an ogre

Illustrated notes

Levels and vault maps discovered:
D:1:      sevenhm_arrival_forest_fort_large_4, layout_loops_ring,
          ebering_ecumenical_altar_webs
D:2:      layout_basic
D:3:      layout_loops_cross, nicolae_wu_jian_immortal_techniques,
          nicolae_ru_awakened_eye, kennysheep_nondescript, st_stairs_14,
          uniq_natasha, uniq_jessica
D:4:      layout_cave_pods, serial_shops, kennysheep_mini_moat,
          portal_sewer_entry_d, glass_columns_c
D:5:      layout_basic, mainiacjoe_overflow_six_doors_small

Skill      XL: |  1  2  3  4  5  6  7 |
---------------+----------------------+-----
Fighting       | 4 5 |  5.0
Dodging        | 2 3 |  3.0
Unarmed Combat | 4 |  4.1
Short Blades   | 1 2 3 |  3.7
Armour         | 3 4 |  4.1
Stealth        | 1 |  1.0
Crossbows      | 1 2 |  2.6

Action                   |  1- 3 |  4- 6 |  7- 9 || total
-------------------------+-------+-------+-------++-------
Melee: Unarmed           |    99 |       |       ||    99
       Punch             |     4 |     4 |       ||     8
       Short sword       |    31 |   114 |       ||   145
       Arbalest          |       |     1 |     2 ||     3
 Fire: Arbalest          |       |    10 |    20 ||    30
Invok: Berserk           |     3 |     1 |       ||     4
  Use: Potion            |       |     1 |     1 ||     2
Armor: Animal skin       |    35 |       |       ||    35
       Ring mail         |    11 |    48 |     6 ||    65
Dodge: Dodged            |    78 |    81 |    12 ||   171
